 Dungeon Crawl Stone Soup version 0.32-a0-876-gcfddb08e57 (webtiles) character file.

Game seed: 2592456289856305274

925 GloriousHammer the Magician (level 7, -2/36 HPs)
             Began as a Deep Elf Alchemist on Mar 30, 2024.
             Killed by divine providence
             ... invoked by an orc priest
              (11 damage)
             ... on level 6 of the Dungeon on Mar 31, 2024.
             The game lasted 00:13:36 (6978 turns).

GloriousHammer the Magician (Deep Elf Alchemist)    Turns: 6978, Time: 00:13:36

Health: -2/36      AC:  4    Str:  5    XL:     7   Next: 84%
Magic:  10/19      EV: 12    Int: 20    God:
Gold:   132        SH:  0    Dex: 17    Spells: 13/19 levels left

rFire   . . .        v - +0 hammer of Ipse Dixit {vamp, Will+}
rCold   + . .        (no shield)
rNeg    . . .        a - +0 robe
rPois   .            (no helmet)
rElec   .            u - +0 cloak
rCorr   .            (no gloves)
SInv    .            r - +0 pair of boots
Will    +....        (no amulet)
Stlth   ++           C - ring of protection from cold
HPRegen 0.26/turn    (no ring)
MPRegen 0.16/turn

%: no passive effects
@: no status effects
A: no striking features
a: Convert to Beogh


You were on level 6 of the Dungeon.
You visited 2 branches of the dungeon, and saw 7 of its levels.

You collected 276 gold pieces.
You spent 144 gold pieces at shops.

Inventory:

Hand Weapons
 c - a +0 quarterstaff
 v - the +0 hammer of Ipse Dixit (weapon) {vamp, Will+}
   (You found it on level 5 of the Dungeon)

   Will+:     It increases your willpower.
Missiles
 l - 8 poisoned darts
 n - 5 atropa-tipped darts
Armour
 a - a +0 robe (worn)
 r - a +0 pair of boots (worn)
 u - a +0 cloak (worn)
Jewellery
 C - a ring of protection from cold (left hand)
Wands
 g - a wand of flame (7)
 t - a wand of warping (8)
Scrolls
 j - 2 scrolls of torment
 k - 3 scrolls of teleportation
 m - a scroll of immolation
 p - a scroll of fog
 s - 2 scrolls of poison
 w - a scroll of amnesia {unknown}
 x - a scroll of vulnerability {unknown}
 I - a scroll of identify
Potions
 b - 2 potions of magic
 d - 3 potions of curing
 e - 2 potions of brilliance {unknown}
 f - a potion of lignification {unknown}
 h - a potion of haste {unknown}
 i - a potion of degeneration {unknown}
 o - a potion of enlightenment {unknown}
 q - 2 potions of mutation {unknown}


   Skills:
 - Level 2.4 Dodging
 - Level 2.4 Stealth
 + Level 6.8 Spellcasting
 + Level 5.1 Conjurations
 - Level 4.0 Air Magic
 + Level 6.0 Alchemy


You had 13 spell levels left.
You knew the following spells:

 Your Spells              Type           Power      Damage    Failure   Level
a - Sting                 Conj/Alch      100%       1d9       1%          1
b - Mercury Vapours       Alch/Air       52%        N/A       1%          2
c - Mephitic Cloud        Conj/Alch/Air  27%        N/A       3%          3

Your spell library contained the following spells:

 Spells                   Type           Power      Damage    Failure   Level
 Magic Dart               Conj           100%       1d8       1%          1
 Searing Ray              Conj           54%        2d6       1%          2
 Olgreb's Toxic Radiance  Alch           31%        N/A       8%          4
 Fulminant Prism          Conj/Alch      14%        3d9       10%         4
 Sticky Flame             Fire/Alch      18%        2d6       28%         4


Dungeon Overview and Level Annotations

Branches:
Dungeon (6/15)             Temple (1/1) D:5

Altars:
Cheibriados
Dithmenos
Elyvilon
Fedhas
Gozag
Kikubaaqudgha
Makhleb
Okawaru
Qazlal
Trog
Uskayaw
Vehumet
Wu Jian
Yredelemnul
The Shining One

Shops:
D:4 *


Message History

The iguana looks even sicker.
The iguana is severely wounded.
The iguana bites you.
The sting hits the iguana!
The iguana looks as sick as possible!
You kill the iguana!
Training target 4.0 for Air Magic reached!
Your Air Magic skill increases to level 4!
HP restored.
Magic restored.
You open the door.
There is an open door here.
You open the door.
There is an open door here.
You now have 132 gold pieces (gained 19).
You see here a +0 pair of boots.
There is an open door here.
Found 2 stones.
x - a scroll labelled HIPHU XEK You see here 2 stones.
You see here 2 stones.
Found a shadowy altar of Dithmenos.
An orc priest comes into view. It is wielding a +0 flail.
Unknown command.
The orc priest shouts!
You hear a shout!
An orc warrior comes into view. It is wielding a +0 glaive.
The orc priest looks braver for a moment.
The sting misses the orc priest.
The sting hits the orc priest!
The orc priest is poisoned.
The orc priest is heavily wounded.
The orc priest hits you with a +0 flail.
The sting hits the orc priest.
The orc priest looks even sicker.
The orc priest is severely wounded.
The orc priest barely misses you.
The sting hits the orc priest.
The orc priest looks even sicker.
You kill the orc priest!
You start resting.
An orc warrior is nearby!
The sting hits the orc warrior but does no damage.
The orc warrior is poisoned.
The sting misses the orc warrior.
The sting hits the orc warrior but does no damage.
The orc warrior looks even sicker.
The orc warrior unwields a +0 glaive.
The orc warrior wields a +0 orcbow.
The orc warrior shoots an arrow.
The arrow hits you!
Casting: Sting (safe; 1% risk of failure)
Confirm with . or Enter, or press ? or * to list all spells.
Aiming: Mercury Vapours (safe; 1% risk of failure)
Press: ? - help, Dir - move target, f/p - orc warrior
Aim: an orc warrior, wielding a +0 orcbow and wearing a +0 plate armour (black smoke, lightly wounded, very poisoned, chance to weaken: 100%) Fumes of mercury billow around the orc warrior!
The orc warrior looks even sicker.
The orc warrior looks weaker.
An orc comes into view. It is wielding a +0 whip.
You miscast Sting.
You are very lightly contaminated with residual magic.
Nothing appears to happen.
The orc shouts!
You hear a shout!
The orc warrior shoots an arrow.
The arrow barely misses you.
The sting hits the orc warrior!
The orc warrior looks as sick as possible!
The orc warrior is heavily wounded.
The orc warrior shoots an arrow.
The arrow barely misses you.
The sting hits the orc warrior.
The orc warrior looks as sick as possible!
The orc warrior is severely wounded.
The orc warrior shoots an arrow.
The arrow hits you!
An orc priest comes into view. It is wielding a +0 trident.
You are too injured to fight recklessly!
You are too injured to fight recklessly!
You are too injured to fight recklessly!
Unknown command.
You are too injured to fight recklessly!
You kill the orc warrior!
Your Conjurations skill increases to level 5!
Your Alchemy skill increases to level 6!
You are too injured to fight recklessly!
Unknown command.
Casting: Sting (safe; 1% risk of failure)
Confirm with . or Enter, or press ? or * to list all spells.
Aiming: Sting (safe; 1% risk of failure)
Press: ? - help, Shift-Dir - straight line, f - orc
Aim: an orc, wielding a +0 whip (78% to hit)
The sting hits the orc!
The orc is poisoned.
You kill the orc!
The orc priest invokes the aid of Beogh against you.
Beogh smites you!
* * * LOW HITPOINT WARNING * * *
Your magical contamination has completely faded away.
You start resting.
An orc priest is nearby!
You are too injured to fight recklessly!
Casting: Sting (safe; 1% risk of failure)
Confirm with . or Enter, or press ? or * to list all spells.
Aiming: Sting (safe; 1% risk of failure)
Press: ? - help, Shift-Dir - straight line, f - orc priest
Aim: an orc priest, wielding a +0 trident (78% to hit)
The sting hits the orc priest.
The orc priest is poisoned.
The orc priest is lightly wounded.
The orc priest invokes the aid of Beogh against you.
Beogh smites you!
You die...

##§§§..###..#
#§§o§.§§###.#
#§§§§§§§§§#..#
..§§...........#
..§§..._.......#
..§§§§§.....o.##
..#§§§§.....#.# .
##§§§...§##.#
##§§...###@# #.
##...###### #.
#...# #.#
###.#####.### #.#
..........# #.#
......##.## #.#
......##.# #.#
..#...##.######(#
#.#.............#


You could see an orc priest (poisoned).

Vanquished Creatures
  Sigmund (D:5)
  An orc warrior (D:6)
  An ogre (D:4)
  A hound (D:6)
  4 orc priests
  Crazy Yiuf (D:5)
  4 iguanas
  2 orc wizards (D:3)
  6 gnolls
  5 adders
  2 shadow imps
  4 ufetubi
  A dart slug (D:1)
  2 ribbon worms
  15 orcs
  7 endoplasms
  10 goblins
  15 hobgoblins
  4 jackals
  5 kobolds
  4 quokkas
  11 ball pythons
  6 bats
  3 frilled lizards
  5 rats
120 creatures vanquished.

Notes
Turn   | Place    | Note
-------+----------+-------------------------------------------
     0 | D:1      | GloriousHammer the Deep Elf Alchemist began the quest for
                  | the Orb.
     0 | D:1      | Reached XP level 1. HP: 10/10 MP: 6/6
   176 | D:1      | Reached XP level 2. HP: 9/15 MP: 5/8
   247 | D:1      | Learned a level 2 spell: Mercury Vapours
   891 | D:1      | Reached XP level 3. HP: 19/19 MP: 8/10
  1169 | D:2      | Found a faded altar of an unknown god.
  1885 | D:2      | Learned a level 3 spell: Mephitic Cloud
  2605 | D:3      | Reached XP level 4. HP: 16/24 MP: 1/12
  2612 | D:3      | Reached skill level 1 in Air Magic
  2785 | D:3      | Reached XP level 5. HP: 26/28 MP: 6/13
  3716 | D:4      | Found Geileur's General Store.
  3719 | D:4      | Bought a scroll of identify for 20 gold pieces
  3719 | D:4      | Bought a wand of flame (7) for 49 gold pieces
  3719 | D:4      | Bought a +0 pair of boots for 45 gold pieces
  3719 | D:4      | Bought a potion of curing for 30 gold pieces
  4185 | D:4      | Reached skill level 5 in Spellcasting
  4228 | D:4      | Noticed an ogre
  4240 | D:4      | Killed an ogre
  4241 | D:4      | Reached XP level 6. HP: 13/32 MP: 7/15
  5022 | D:5      | Entered Level 5 of the Dungeon
  5025 | D:5      | Upgraded the game from 0.32-a0-872-g59262bdc9b to
                  | 0.32-a0-876-gcfddb08e57
  5339 | D:5      | Found a staircase to the Ecumenical Temple.
  5345 | Temple   | Entered the Ecumenical Temple
  5409 | D:5      | Reached skill level 5 in Alchemy
  5497 | D:5      | Noticed a water elemental
  5499 | D:5      | Found a stormy altar of Qazlal.
  5501 | D:5      | Noticed an air elemental
  5501 | D:5      | Noticed a fire elemental
  5594 | D:5      | Found a runed translucent door.
  5595 | D:5      | Noticed Crazy Yiuf
  5648 | D:5      | Noticed Sigmund
  5654 | D:5      | Killed Sigmund
  5655 | D:5      | Reached XP level 7. HP: 22/36 MP: 10/17
  6069 | D:5      | Killed Crazy Yiuf
  6148 | D:5      | Identified the +0 hammer of Ipse Dixit {vamp, Will+}
  6918 | D:6      | Found a shadowy altar of Dithmenos.
  6966 | D:6      | Reached skill level 5 in Conjurations
  6978 | D:6      | Killed from afar by an orc priest

Illustrated notes

Levels and vault maps discovered:
D:1:      elethiomel_arrival_quiet, layout_basic, serial_bayou_pond_c
D:2:      layout_loops_corners, nicolae_ecumenical_pavilion
D:3:      layout_basic
D:4:      layout_layer_cave, serial_shops, nicolae_shop_tiny_real_fake_doors
D:5:      layout_loops_ring, nicolae_qazlal_style_of_elements,
          minmay_temple_entry_sparse_star, uniq_crazy_yiuf_cottage, uniq_sigmund
D:6:      layout_loops_corners, nicolae_dithmenos_the_darkroom
Temple:   compressed_dpeg_triangle_lava_temple

Skill      XL: |  1  2  3  4  5  6  7 |
---------------+----------------------+-----
Conjurations   | 2 3 4 5 |  5.1
Spellcasting   | 4 5 6 |  6.8
Alchemy        | 4 5 6 |  6.0
Air Magic      | 1 2 3 4 |  4.0
Dodging        | |  2.4
Stealth        | |  2.4

Action                     |  1- 3 |  4- 6 |  7- 9 || total
---------------------------+-------+-------+-------++-------
  Melee: Quarterstaff      |    14 |    17 |       ||    31
         Unarmed           |       |       |     5 ||     5
  Throw: Dart              |       |     5 |       ||     5
   Cast: Sting             |   106 |    87 |    75 ||   268
         Mercury Vapours   |     7 |     7 |     3 ||    17
    Use: Scroll            |       |     5 |       ||     5
 Armour: Robe              |    31 |    33 |    20 ||    84
  Dodge: Dodged            |    45 |    19 |    20 ||    84

Table legend: (Time is in decaauts)
 A = Elapsed time spent in this place.
 B = Non-inter-level travel time spent in this place.
 C = Inter-level travel time spent in this place.
 D = Time resting spent in this place.
 E = Time spent auto-exploring this place.
 F = Levels seen in this place.
 G = Mean time per level.
                   A        B        C        D        E       F      G
               +--------+--------+--------+--------+--------+-----+--------+
         Total |   6993 |   6820 |    173 |    938 |   4841 |   7 |  999.0 |
       Dungeon |   6958 |   6803 |    155 |    938 |   4841 |   6 | 1159.7 |
        Temple |     34 |     16 |     18 |      0 |      0 |   1 |   34.0 |
               +--------+--------+--------+--------+--------+-----+--------+

Top non-repeatable levels by time:
     D:4: 1477 daAuts
     D:1: 1337 daAuts
     D:2: 1146 daAuts
     D:5: 1118 daAuts
     D:3: 1076 daAuts
     D:6: 801 daAuts
  Temple: 34 daAuts
